[Event "Live Chess"]
[Site "Chess.com"]
[Date "2024.06.02"]
[Round "-"]
[White "MagnersCarlsberg2870"]
[Black "Crowded_House"]
[Result "1/2-1/2"]
[WhiteElo "1795"]
[BlackElo "1650"]
[TimeControl "300"]
[EndTime "3:40:40 PDT"]
[Termination "Game drawn by repetition"]

1. d4 e6 2. Nf3 d5 3. e3 c5 4. Bd3 Nc6 5. c3 Qb6 6. Nbd2 Bd6 7. Qe2 Nf6 8. O-O O-O 9. e4 dxe4 10. Nxe4 Nxe4 11. Qxe4 g6 12. Bh6 f5 13. Qh4 Be7 14.
Bg5 Bxg5 15. Nxg5 Qc7 16. Rfe1 Re8 17. Bc4 cxd4 18. Bxe6+ Bxe6 19. Nxe6 Qe7 20. Qxe7 Rxe7 21. Nxd4 Rxe1+ 22. Rxe1 Kf7 23. f4 Nxd4 24. cxd4 Rd8 25. Rd1 Kf6 26. Kf2 h6 27. Ke3 g5 28. g3 Rc8 29. Kd3 Rc6 30. Re1 Kf7 31. Re5 Kf6 32. d5 Rc7 33. Re6+ Kg7 34. Kd4 gxf4 35. gxf4 Rc2 36.
Re7+ Kf6 37. Rxb7 Rxh2 38. d6 Rd2+ 39. Kc5 Ke6 40. Re7+ Kf6 41. Rh7 Rc2+ 42. Kd5 Rd2+ 43. Kc5 Rc2+ 44. Kd5 Rd2+ 45. Kc5 1/2-1/2

[Event "Live Chess"]
[Site "Chess.com"]
[Date "2024.06.02"]
[Round "-"]
[White "wadsy27"]
[Black "AlexanderMatlak"]
[Result "1-0"]
[WhiteElo "2581"]
[BlackElo "2392"]
[TimeControl "300"]
[EndTime "3:40:44 PDT"]
[Termination "wadsy27 won on time"]

1. d4 Nf6 2. c4 c5 3. d5 e6 4. Nc3 exd5 5. cxd5 d6 6. Nf3 g6 7. h3 Bg7 8. Bf4 O-O 9. e3 Ne8 10.
Be2 Nd7 11. O-O Ne5 12. Nxe5 dxe5 13. Bh2 Nd6 14. Nb5 Nxb5 15. Bxb5 a6 16. Be2 b5 17. a4 Bd7 18. e4 Qb6 19. Qc2 c4 20. Kh1 Rfc8 21. f3 Qd8 22. Bg1 Qh4 23. Bf2 Qh6 24.
axb5 axb5 25. Rxa8 Rxa8 26. b3 cxb3 27. Qxb3 Bf8 28. Qb2 Bd6 29. Bg3 Qe3 30. Bxb5 Rb8 31. Qe2 Qxe2 32. Bxe2 Rb2 33. Ba6 f5 34. exf5 gxf5 35. Rc1 Kf7 36. Bc8 Ke8 37. Bxd7+ Kxd7 38. Ra1 Rb7 39. Bh4 e4 40. fxe4 fxe4 41. Re1 Rb4 42.
g4 Rb2 43. Rxe4 Rh2+ 44. Kg1 Rxh3 45. Bf2 Rd3 46. Rd4 Rxd4 47. Bxd4 Bf4 48. Bc5 Bd6 49. Be3 Be5 50. Kg2 Kd6 51. Kh3 Kxd5 52. Kh4 Ke6 53. Kh5 Kf7 54. Kh6 Kg8 55. Bc5 Bg7+ 56. Kg5 Bc3 57.
Be7 Bg7 58. Bf6 Bxf6+ 59. Kxf6 Kf8 60. Kf5 Kg7 61. Kg5 Kf7 62. Kh6 Kg8 63. g5 Kh8 64.
Kh5 Kg7 65. Kg4 1-0

[Event "Live Chess"]
[Site "Chess.com"]
[Date "2024.06.02"]
[Round "-"]
[White "stevochess11"]
[Black "BishopofWells"]
[Result "1-0"]
[WhiteElo "1714"]
[BlackElo "1546"]
[TimeControl "300"]
[EndTime "3:40:59 PDT"]
[Termination "stevochess11 won by resignation"]

1. d4 d5 2. Nf3 h6 3. e3 Bg4 4. c4 e6 5. Qb3 Qc8 6. Ne5 Bf5 7. Nc3 c6 8. cxd5 exd5 9. Bd2 Nd7 10.
f4 f6 11. Nxd7 Qxd7 12. Be2 Bd6 13. O-O Ne7 14. Rac1 O-O 15. Na4 Rae8 16. Nc5 Bxc5 17. Rxc5 Ng6 18. Bb4 Rf7 19. Rcc1 Qe6 20. Bd2 Be4 21.
Bd3 Ne7 22. Bxe4 Qxe4 23. Qxb7 Nf5 24. Qxc6 Nxe3 25. Bxe3 Qxe3+ 26. Kh1 Qxd4 27. Qxe8+ Rf8 28. Qe6+ Kh8 29. Rc8 Rxc8 30. Qxc8+ Kh7 31. Qf5+ Kg8 32. Re1 Qa4 33. Qg6 Kf8 34. h3 d4 35. Qe4 a5 36.
Qe7+ Kg8 37. Qe8+ 1-0

[Event "Live Chess"]
[Site "Chess.com"]
[Date "2024.06.02"]
[Round "-"]
[White "dmitro74"]
[Black "Isambard_Thomas"]
[Result "0-1"]
[WhiteElo "1724"]
[BlackElo "2180"]
[TimeControl "300"]
[EndTime "3:41:09 PDT"]
[Termination "Isambard_Thomas won by resignation"]

1. d4 Nf6 2. c4 e5 3. dxe5 Ng4 4. Nf3 d6 5. exd6 Bxd6 6. h3 Nxf2 7. Qd4 Nxh1 8. Bg5 Bg3+ 9. Kd1 Qxd4+ 10. Nxd4 Nf2+ 11. Kc2 c5 12. Nb5 Bf5+ 13. Kb3 Nc6 14. Nd6+ Bxd6 15. Nc3 Nd4+ 16. Ka3 Nc2+ 0-1

[Event "Live Chess"]
[Site "Chess.com"]
[Date "2024.06.02"]
[Round "-"]
[White "vincents82"]
[Black "upoe610"]
[Result "1/2-1/2"]
[WhiteElo "2009"]
[BlackElo "2117"]
[TimeControl "300"]
[EndTime "3:41:49 PDT"]
[Termination "Game drawn by repetition"]

1. e4 e5 2. Nf3 Nc6 3. Bb5 a6 4. Ba4 Nf6 5. d3 b5 6. Bb3 Bc5 7. c3 h6 8. O-O d6 9. a4 b4 10. d4 Bb6 11. a5 Ba7 12. Ba4 Bd7 13. Bxc6 Bxc6 14. dxe5 Nxe4 15. exd6 Qxd6 16. Qxd6 cxd6 17. Nd4 Bb7 18. Nd2 bxc3 19. Nxe4 Bxe4 20. bxc3 O-O 21. Ba3 Rfc8 22. Bb4 Rc4 23. Nf3 d5 24. Rad1 Rac8 25. Nd2 R4c7 26. Nxe4 dxe4 27. Rd6 Bc5 28. Rxa6 Bxb4 29.
cxb4 Rb7 30. Rb1 Rxb4 31. Rb6 Rxb6 32. axb6 Rb8 33. Kf1 Kf8 34. Ke2 Ke7 35. Ke3 f5 36. Kd4 Kd6 37. b7 g6 38. Rb6+ Kc7 39. Rxg6 Kxb7 40.
Rxh6 Rd8+ 41. Ke5 Rd2 42. Kxf5 Rxf2+ 43. Kxe4 Rxg2 44. h4 Ra2 45. h5 Ra4+ 46. Ke5 Ra5+ 47. Kf6 Kb8 48. Rh7 Ra6+ 49. Kf7 Ra7+ 50. Kg8 Ra5 51. h6 Ra6 52. Kg7 Ra7+ 53. Kh8 Ra6 54. Kg7 Ra7+ 55. Kf6 Ra6+ 56. Ke5 Ra5+ 57. Kd6 Ra6+ 58.
Kc5 Rg6 59. Rh8+ Kb7 60. h7 Rh6 61. Kd5 Rh1 62. Ke5 Ka7 63. Kf6 Kb7 64. Kg6 Rg1+ 65.
Kf6 Rh1 66. Kg6 Rg1+ 67. Kf6 Rh1 1/2-1/2

[Event "Live Chess"]
[Site "Chess.com"]
[Date "2024.06.02"]
[Round "-"]
[White "ACM42"]
[Black "JanMur7"]
[Result "0-1"]
[WhiteElo "2172"]
[BlackElo "2298"]
[TimeControl "300"]
[EndTime "3:41:53 PDT"]
[Termination "JanMur7 won on time"]

1. e4 g6 2. d4 Bg7 3. Nf3 c5 4. c3 cxd4 5. Nxd4 Nc6 6. Bc4 d6 7.
O-O Nf6 8. Nxc6 bxc6 9. Qe2 O-O 10. e5 Ng4 11. exd6 exd6 12. h3 Ne5 13. Bb3 a5 14. Nd2 Ba6 15. c4 d5 16. f4 Qb6+ 17. Kh2 Nxc4 18.
Nxc4 dxc4 19. Bxc4 Rfe8 20. Qc2 Bxc4 21. Qxc4 Qb5 22.
Qxb5 cxb5 23. Rb1 Re2 24. Rd1 Rc8 25. Rd2 Rc2 26. Rxc2 Rxc2 27. a4 bxa4 28. Ra1 a3 29.
Rxa3 Rxc1 30. Rxa5 Bxb2 31. f5 Kg7 32. fxg6 hxg6 33. Kg3 Rc3+ 34. Kf4 Rc2 35. Kf3 Rc6 36. Ra7 Rf6+ 37. Kg4 Be5 38. Ra5 Rf4+ 39. Kg3 Bc7 40. Ra7 Bb8 41. Ra8 Rb4+ 42. Kf3 Rb3+ 43. Kf2 Bg3+ 44. Ke2 Be5 45. Ra5 Bd4 46. Rd5 Rb2+ 47. Kf3 Bf6 48. Kg3 Rb3+ 49. Kf2 Bb2 50. Rd6 f5 51.
Rc6 Kh6 52. Rc8 Bd4+ 53. Ke2 Kg5 54. Rc4 Rb2+ 55. Kf3 Bb6 56. g4 Rf2+ 57. Kg3 f4+ 58. Rxf4 Rg2+ 59. Kf3 Rf2+ 60. Kg3 Rxf4 61. h4+ Kf6 62.
Kxf4 Bc7+ 63. Ke4 Ke6 64. Kd4 Bg3 65. h5 g5 66. Ke4 Be5 67. Kd3 Kd5 68. Ke3 Bf4+ 69.
Kf3 Kd4 0-1

[Event "Live Chess"]
[Site "Chess.com"]
[Date "2024.06.02"]
[Round "-"]
[White "Cimon"]
[Black "Ferrarifan27"]
[Result "0-1"]
[WhiteElo "1837"]
[BlackElo "2149"]
[TimeControl "300"]
[EndTime "3:42:29 PDT"]
[Termination "Ferrarifan27 won by resignation"]

1. d4 Nf6 2. Nf3 d5 3. c4 e6 4. Nc3 Be7 5. g3 O-O 6. Bg2 dxc4 7. Qa4 Bd7 8. Qxc4 Bc6 9. O-O Nbd7 10. Bf4 Nb6 11. Qb3 Nfd5 12. Nxd5 Nxd5 13. Bd2 Bf6 14. Rfd1 Nb6 15. e3 Ba4 16. Qd3 Bxd1 17. Rxd1 c6 18. h4 Re8 19. Qb3 Qe7 20. e4 g6 21.
Bb4 Qc7 22. a4 a5 23. Bc3 Red8 24. Ng5 h6 25. Nh3 Nd7 26. e5 Be7 27. Bd2 Bf8 28.
Qe3 Nb6 29. b3 Nd5 30. Qe4 Kh7 31. h5 Bg7 32. hxg6+ fxg6 33. Nf4 Nxf4 34. Bxf4 Qf7 35. Bh3 Rf8 36. Kg2 h5 37. Rh1 Bh6 38. Bg4 Bxf4 39. Rxh5+ Bh6 40. Bxe6 Qxe6 0-1

[Event "Live Chess"]
[Site "Chess.com"]
[Date "2024.06.02"]
[Round "-"]
[White "Eva3337"]
[Black "JohanKjeldahl"]
[Result "0-1"]
[WhiteElo "1174"]
[BlackElo "1796"]
[TimeControl "300"]
[EndTime "3:42:38 PDT"]
[Termination "JohanKjeldahl won by resignation"]

1. e4 c5 2. Nf3 e6 3. c3 Nc6 4. d4 cxd4 5. cxd4 d6 6. Bb5 Bd7 7. d5 Ne5 8. Bxd7+ Nxd7 9. dxe6 fxe6 10. Bg5 Ngf6 11. O-O Be7 12. Nc3 Nc5 13. Re1 O-O 14. e5 dxe5 15. Qxd8 Raxd8 16. Nxe5 h6 17. Be3 Nd3 18.
Re2 Nxe5 19. Bxa7 Neg4 20. Bb6 Rd6 21. b4 Rxb6 0-1

[Event "Live Chess"]
[Site "Chess.com"]
[Date "2024.06.02"]
[Round "-"]
[White "80Times"]
[Black "slava_ukr"]
[Result "0-1"]
[WhiteElo "1898"]
[BlackElo "2419"]
[TimeControl "300"]
[EndTime "3:42:39 PDT"]
[Termination "slava_ukr won by resignation"]

1. e4 c5 2. Nf3 Nc6 3. Bb5 e6 4.
O-O d5 5. exd5 exd5 6. Nc3 Nf6 7.
Re1+ Be7 8. d4 O-O 9. dxc5 Bxc5 10. Bg5 Be6 11. Bd3 h6 12. Bh4 Be7 13. Ne2 Ne4 14. Bxe7 Qxe7 15. c3 Rad8 16. Ned4 Qf6 17. Bxe4 dxe4 18.
Rxe4 Bd5 19. Rg4 Rfe8 20. Rg3 Ne5 21. Nxe5 Qxe5 22. h3 Rd6 23. Qg4 Rg6 24. Qd7 Rxg3 25. fxg3 Re7 26. Qd8+ Kh7 27. Rf1 Qe4 28. Rf3 Qe1+ 29.
Rf1 Qe4 30. Nf3 Re8 31. Re1 Qxe1+ 32. Nxe1 Rxd8 0-1

[Event "Live Chess"]
[Site "Chess.com"]
[Date "2024.06.02"]
[Round "-"]
[White "Bodhanas"]
[Black "Dhaydon19"]
[Result "0-1"]
[WhiteElo "2304"]
[BlackElo "2634"]
[TimeControl "300"]
[EndTime "3:42:39 PDT"]
[Termination "Dhaydon19 won by resignation"]

1. d4 c6 2. Nf3 d5 3. c3 Bg4 4. h3 Bxf3 5. exf3 e6 6. Bd3 Bd6 7.
O-O Nf6 8. Re1 Bc7 9. Nd2 Nbd7 10. Nf1 Nf8 11. Be3 Ng6 12. Qd2 Qd6 13. c4 dxc4 14.
Bxc4 Nd5 15. Bxd5 Qxd5 16. Rac1 Ba5 17. b4 Bb6 18. a4 a5 19. Red1 O-O 20. bxa5 Bxa5 21.
Qb2 Qd7 22. Ng3 Ne7 23. Ne4 b6 24. Nd2 Bxd2 25. Rxd2 Nd5 26. Qb3 b5 27. axb5 cxb5 28. Rc5 b4 29. Rdc2 Ra3 30. Qb2 Rc3 31. R2xc3 bxc3 32. Qc2 Rb8 33. Kh2 h6 34. g3 Nxe3 35. fxe3 Rb2 36. Rxc3 Rxc2+ 37. Rxc2 Qa4 38. Rf2 Qd1 39.
Kg2 Qd3 40. e4 Qxd4 41. g4 g5 0-1

[Event "Live Chess"]
[Site "Chess.com"]
[Date "2024.06.02"]
[Round "-"]
[White "AlexanderMatlak"]
[Black "Duke_of_Bebington"]
[Result "1-0"]
[WhiteElo "2392"]
[BlackElo "1654"]
[TimeControl "300"]
[EndTime "3:42:49 PDT"]
[Termination "AlexanderMatlak won by resignation"]

1. c4 c6 2. Nf3 d5 3. g3 Bf5 4. Bg2 e6 5. O-O Nf6 6. d3 h6 7. a3 Be7 8. b4 Kf8 9. Bb2 Nbd7 10. Nbd2 Bd6 11. Re1 g5 12. e4 dxe4 13. dxe4 Bg6 14. e5 1-0

[Event "Live Chess"]
[Site "Chess.com"]
[Date "2024.06.02"]
[Round "-"]
[White "Kyrylo7770"]
[Black "GwaryTek"]
[Result "1-0"]
[WhiteElo "1644"]
[BlackElo "1829"]
[TimeControl "300"]
[EndTime "3:42:50 PDT"]
[Termination "Kyrylo7770 won on time"]

1. d4 Nf6 2. Nf3 d5 3. Bg5 Ne4 4. Bh4 c5 5. e3 Nc6 6. c3 Bg4 7. Be2 Qb6 8. b3 cxd4 9. Nxd4 Bxe2 10. Nxe2 a5 11. Nd2 Rd8 12. O-O g6 13. Nd4 Nxc3 14. Qg4 f5 15. Qg5 Ne4 16. Nxe4 dxe4 17. Nxc6 Qxc6 18.
Rac1 Qb6 19. Bg3 Qf6 20. Qf4 Bg7 21. Bh4 Qd6 22. Qg5 Bf6 23. Qh6 Bxh4 24. Qxh4 O-O 25.
Qg5 Rf6 26. g3 Qd7 27. h4 Kg7 28. h5 h6 29. Qh4 g5 30. Qh3 f4 31. Qxd7 Rxd7 32.
gxf4 gxf4 33. f3 fxe3 34. f4 e2 35. Rfe1 Rxf4 36. Rxe2 Rg4+ 37. Rg2 Rxg2+ 38. Kxg2 Kf6 39. Rf1+ Kg5 40. Kg3 Rd3+ 41. Kh2 Rd2+ 42. Kh3 Rxa2 43. Rg1+ Kxh5 44. Re1 Rb2 45. Rxe4 1-0

[Event "Live Chess"]
[Site "Chess.com"]
[Date "2024.06.02"]
[Round "-"]
[White "NottheBishopSacrifice"]
[Black "RockTroll"]
[Result "1-0"]
[WhiteElo "2322"]
[BlackElo "2172"]
[TimeControl "300"]
[EndTime "3:42:52 PDT"]
[Termination "NottheBishopSacrifice won by checkmate"]

1. Nf3 Nf6 2. e3 g6 3. b3 Bg7 4.
Bb2 O-O 5. Be2 d6 6. O-O e5 7. c4 Nc6 8. Nc3 Be6 9. d4 exd4 10. exd4 d5 11. c5 b6 12. cxb6 axb6 13. Rc1 Qd6 14. Nb5 Qd7 15. Ne5 Nxe5 16. Rxc7 Qd8 17. dxe5 Ne4 18. a4 Nc5 19. f4 Bd7 20. Rxc5 bxc5 21. Qxd5 Be6 22. Qxc5 Bxb3 23. Nd6 Bxa4 24. Bc4 Bd7 25.
Ba3 Qb8 26. Nxf7 Rxf7 27. e6 Bxe6 28. Bxe6 Qa7 29. Qxa7 Rxa7 30. Bc5 Rd7 31. Rb1 Bf6 32. Rb8+ Kg7 33. Bxf7 Rxf7 34. g3 Rd7 35. Kg2 Rd2+ 36. Kh3 Rd7 37. Ra8 Rf7 38. Ra2 Rd7 39. Kg2 Rc7 40.
Be3 Rd7 41. Kf3 Rc7 42. g4 h6 43. h4 Bxh4 44. Bd4+ Kh7 45. Be5 Rd7 46. Ke4 Be7 47. f5 gxf5+ 48. gxf5 Bf8 49. Rg2 Bg7 50. f6 Bf8 51. Kf5 Rb7 52. Ke6 Bb4 53. f7 Rb6+ 54. Kf5 Rb5 55. Rg7+ Kh8 56. Rg8+ Kh7 57. Rh8# 1-0

[Event "Live Chess"]
[Site "Chess.com"]
[Date "2024.06.02"]
[Round "-"]
[White "dhairyapandyauk"]
[Black "SimonBoy1"]
[Result "0-1"]
[WhiteElo "1652"]
[BlackElo "1532"]
[TimeControl "300"]
[EndTime "3:43:08 PDT"]
[Termination "SimonBoy1 won by resignation"]

1. e4 c5 2. c3 d5 3. exd5 Qxd5 4.
Nf3 g6 5. Na3 a6 6. Bc4 Qe4+ 7.
Be2 Bg7 8. Qc2 Qxc2 9. Nxc2 Bf6 10. d4 cxd4 11. Ncxd4 Bg7 12. Bf4 Nf6 13. O-O-O O-O 14.
Rhe1 Re8 15. Bc4 Nbd7 16. Ng5 e6 17. Ndxe6 Nb6 18. Bb3 fxe6 19. Nxe6 Bxe6 20. Bxe6+ Kh8 21. Rd6 Na4 22. Red1 Nc5 23. Bc4 Nfe4 24. R6d5 b5 25. f3 bxc4 26. fxe4 Nxe4 27. R5d4 Bxd4 28. Rxd4 Nf2 29.
Bg5 Re2 30. Bf6+ Kg8 31. Rd7 Nd3+ 32. Kd1 Rxb2 33. Rg7+ Kf8 34. Rxh7 Re8 35. Bg7+ Kg8 36. Rh8+ Kf7 37. Rxe8 Kxe8 0-1

[Event "Live Chess"]
[Site "Chess.com"]
[Date "2024.06.02"]
[Round "-"]
[White "RamsayFlayer"]
[Black "f4nomore"]
[Result "1-0"]
[WhiteElo "1939"]
[BlackElo "1254"]
[TimeControl "300"]
[EndTime "3:43:10 PDT"]
[Termination "RamsayFlayer won by resignation"]

1. e4 g6 2. d4 Bg7 3. Nf3 d6 4.
Nc3 Nd7 5. Bc4 Ngf6 6. O-O O-O 7.
Bf4 e5 8. dxe5 dxe5 9. Nxe5 Nxe5 10. Bxe5 Qxd1 11. Raxd1 Bg4 12. f3 Be6 13. Bxe6 fxe6 14. Bxc7 Nh5 15. Rd3 Nf4 16. Bxf4 Rxf4 17. Rfd1 Rc8 18.
Rd8+ Rxd8 19. Rxd8+ Bf8 20. Rd7 Rf7 21. Rxf7 Kxf7 22.
Kf2 a6 23. Ke3 Bc5+ 24. Kd3 Bg1 25. h3 Bh2 26. Na4 Kf6 27. Nc5 b6 28. Nxa6 Bd6 29.
Kc4 Kg5 30. Kb5 Be5 31. b3 Bd4 32. Nb8 Kf4 33. Nd7 Kg3 34. Nxb6 Kxg2 35. a4 Kxf3 36. a5 Kxe4 37. a6 Kf5 38. a7 e5 39. a8=Q e4 40.
Qd5+ Kf4 41. Qxd4 Kf3 42. Nc4 1-0

[Event "Live Chess"]
[Site "Chess.com"]
[Date "2024.06.02"]
[Round "-"]
[White "Brooms1989"]
[Black "LL220284LL"]
[Result "0-1"]
[WhiteElo "1238"]
[BlackElo "2508"]
[TimeControl "300"]
[EndTime "3:43:29 PDT"]
[Termination "LL220284LL won by resignation"]

1. e4 d5 2. exd5 Qxd5 3. d4 Nf6 4.
c4 Qd8 5. Nf3 Bg4 6. Be2 e6 7.
h3 Bh5 8. O-O Be7 9. Nc3 Nbd7 10. Bg5 O-O 11. Nd2 Bxe2 12. Qxe2 c6 13. Nce4 Nxe4 14. Bxe7 Ng3 15. fxg3 Qxe7 16. b3 Rad8 17. Nf3 h6 18. Rad1 Qd6 19. Kh2 a5 20. Ne5 Nxe5 21. dxe5 Qc5 22. Rxd8 Rxd8 23. Qf3 Rd7 24. Qf4 Qd4 25.
Rf2 Qd3 26. g4 Qd4 27. Qg3 Qa1 28. Qf4 a4 29. Qe3 axb3 30. axb3 Rd1 31. Qf3 Qxe5+ 32. g3 Rd7 33. Re2 Qd4 34. Re4 Qb2+ 35. Re2 Rd2 0-1

[Event "Live Chess"]
[Site "Chess.com"]
[Date "2024.06.02"]
[Round "-"]
[White "ZatixMajor"]
[Black "Victor_Bondar"]
[Result "1-0"]
[WhiteElo "2032"]
[BlackElo "1473"]
[TimeControl "300"]
[EndTime "3:43:30 PDT"]
[Termination "ZatixMajor won by checkmate"]

1. c4 d5 2. cxd5 Qxd5 3. Nc3 Qa5 4. d4 Nf6 5. Bd2 c6 6. e4 Bg4 7. Nf3 Qb6 8. Bc4 e6 9. Bg5 Qxb2 10. Rc1 Bb4 11.
Qd3 Qxc1+ 12. Bxc1 Bxc3+ 13. Qxc3 Nxe4 14. Qb4 b5 15. Ba3 c5 16. Qxb5+ Nd7 17. Ne5 O-O 18. Nxd7 Rfd8 19.
Nxc5 Nd6 20. Qb3 Nxc4 21. Qxc4 Rac8 22. O-O h6 23. Qa6 Bf5 24. Qxa7 e5 25. dxe5 Re8 26.
e6 Bxe6 27. Nxe6 Rxe6 28. Rd1 Rce8 29. h3 Re2 30. Rd7 Re1+ 31. Kh2 R1e6 32. Rxf7 Rg6 33. Bb2 h5 34. Rxg7+ Rxg7 35. Qxg7# 1-0

[Event "Live Chess"]
[Site "Chess.com"]
[Date "2024.06.02"]
[Round "-"]
[White "Bradfield133"]
[Black "FlyingChessKestrel13"]
[Result "0-1"]
[WhiteElo "1855"]
[BlackElo "2073"]
[TimeControl "300"]
[EndTime "3:43:57 PDT"]
[Termination "FlyingChessKestrel13 won on time"]

1. c4 c6 2. Qa4 Nf6 3. g3 g6 4. Bg2 Bg7 5. Nf3 O-O 6. O-O d6 7. d3 Bd7 8. Nbd2 c5 9. Qc2 Bc6 10. Rb1 Nbd7 11. b3 b6 12. Bb2 Qc7 13. e4 Qb7 14.
Ne1 e6 15. f4 d5 16. cxd5 exd5 17. e5 Ne8 18. d4 Nc7 19. Rc1 Ne6 20. f5 gxf5 21. Rxf5 Rac8 22. Rh5 h6 23. dxc5 bxc5 24. Ndf3 d4 25. Qd2 Be4 26. Nh4 Bxg2 27. Nexg2 Qb4 28. Qxb4 cxb4 29. Nf3 Rxc1+ 30. Bxc1 Rd8 31. Bxh6 Bxh6 32. Rxh6 Ndc5 33. Kf1 Ne4 34. Rh4 Nc3 35. Nf4 Nc5 36.
Nh5 d3 37. Nf6+ Kf8 38. Rxb4 d2 39. Nxd2 Rxd2 40. Rc4 Rd1+ 41. Kg2 Rd2+ 42. Kh3 Nd3 43. Rxc3 Nxe5 44. Ne4 Rxa2 45. b4 Rb2 46. Rc5 Nf3 47. b5 Rxh2+ 48. Kg4 Nd4 49. Rd5 Ne6 0-1

[Event "Live Chess"]
[Site "Chess.com"]
[Date "2024.06.02"]
[Round "-"]
[White "r0ad_t0-gm"]
[Black "willc-h99"]
[Result "1/2-1/2"]
[WhiteElo "2271"]
[BlackElo "2611"]
[TimeControl "300"]
[EndTime "3:44:01 PDT"]
[Termination "Game drawn - timeout vs insufficient material"]

1. Nf3 d5 2. g3 Nd7 3. Bg2 e5 4. d3 Ngf6 5. O-O Bd6 6. e4 c6 7. Re1 O-O 8. Nc3 d4 9. Ne2 c5 10. Nh4 Re8 11. h3 Rb8 12. a4 b6 13. Rf1 a6 14.
Qe1 b5 15. f4 exf4 16. gxf4 Bf8 17. Qg3 Nh5 18. Qf2 g6 19. f5 Ne5 20. Nf4 Nxf4 21.
Bxf4 Rb7 22. Qg3 Bg7 23. Bg5 f6 24. Bd2 g5 25. Nf3 Bf8 26. Nxe5 Rxe5 27. Bxg5 Rg7 28.
Qxe5 Rxg5 29. Qd5+ Qxd5 30. exd5 b4 31. Kh1 Bd6 32. Be4 Bd7 33. Rg1 Kf7 34. Rxg5 fxg5 35. b3 a5 36. Kg2 h6 37. Rf1 Kf6 38. Kf3 Be8 39. Ke2 Bh5+ 40. Bf3 Bf7 41. Bg4 Bxd5 42. Re1 Bc6 43. Kf2 Bd7 44. Re4 Bc7 45. Re2 Bd6 46.
Kg2 Bc7 47. Kf3 Bd6 48. Kf2 Bf4 49. Re1 Be3+ 50. Kf3 Bc6+ 51. Kg3 Bf4+ 52. Kf2 Bd7 53. Rf1 Be3+ 54. Ke2 Bf4 55. Rf3 Bc6 56. Rf2 Bd7 57. Rf1 Be3 58. Bf3 Bf4 59. Be4 Bxf5 60. Bxf5 Kxf5 61.
Kf3 h5 62. Rg1 Be3 63. Rg2 Bf4 64. h4 g4+ 65. Ke2 Be3 66. Rg3 Kf4 67. Rg2 g3 68.
Kf1 Kf3 69. Re2 Kg4 70. Kg2 Kxh4 71. Re1 Kg4 72. Rh1 h4 73. Rh3 Bf2 74. Rh1 Be3 75. Rf1 Bg5 76. Rh1 Bf6 77. Rh3 Bg5 78. Rh1 Kf4 79. Kh3 Ke3 80. Kg2 Kd2 81. Rf1 Kxc2 82. Rf5 Be3 83. Rh5 Kxb3 84. Rxh4 Kxa4 85. Rg4 b3 86.
Rxg3 b2 87. Rg8 b1=Q 88. Ra8 Qxd3 89. Rf8 Qb5 90. Rf3 Qb2+ 91. Kg3 Qe2 92. Kg4 Qxf3+ 93. Kxf3 d3 94. Kxe3 d2 95. Kxd2 Kb3 96. Kc1 c4 97.
Kd2 c3+ 98. Kc1 a4 99. Kd1 a3 100. Ke2 a2 101. Kd3 a1=Q 102. Ke3 Qa2 103. Ke4 Qa4+ 104. Kd5 c2 105. Ke5 1/2-1/2

[Event "Live Chess"]
[Site "Chess.com"]
[Date "2024.06.02"]
[Round "-"]
[White "Tunyk_Vladyslav"]
[Black "MaximKovalenko83"]
[Result "1-0"]
[WhiteElo "2410"]
[BlackElo "2173"]
[TimeControl "300"]
[EndTime "3:44:12 PDT"]
[Termination "Tunyk_Vladyslav won by resignation"]

1. e4 c6 2. d4 d5 3. e5 Bf5 4. c4 e6 5. a3 Nd7 6. Nc3 Ne7 7. c5 Bg6 8. b4 b6 9. Bb2 a5 10.
Bd3 b5 11. Nxb5 cxb5 12. Bxb5 Rb8 13. Qa4 axb4 14. axb4 Qc7 15. Ne2 Nc8 16. Nc3 Be7 17. O-O f6 18. f4 fxe5 19. fxe5 Bg5 20. Nxd5 exd5 21. e6 Kd8 22. Bxd7 Ne7 23. b5 Be3+ 24. Kh1 h6 25. Bc3 h5 26. Ba5 h4 27. Bxc7+ Kxc7 28. Qa7+ Rb7 29. b6+ 1-0

[Event "Live Chess"]
[Site "Chess.com"]
[Date "2024.06.02"]
[Round "-"]
[White "Nathaniel250"]
[Black "karina55"]
[Result "0-1"]
[WhiteElo "1523"]
[BlackElo "1863"]
[TimeControl "300"]
[EndTime "3:44:12 PDT"]
[Termination "karina55 won by resignation"]

1. c4 e5 2. Nc3 Nc6 3. g3 g6 4.
Bg2 Bg7 5. e4 Nge7 6. Nge2 O-O 7. O-O a5 8. d3 d6 9. f4 Bg4 10. h3 Be6 11. g4 f5 12. gxf5 gxf5 13. fxe5 dxe5 14. exf5 Nxf5 15. Kh2 Nh4 16. Rg1 Kh8 17. Bxc6 bxc6 18. Ng3 Nf3+ 19. Kh1 Nxg1 20. Kxg1 Bxh3 21. Qh5 Qd7 22. Kh2 Rf2+ 23. Kg1 Rg2+ 24. Kh1 Rxg3 25. Ne4 Bg2+ 26. Kg1 Bxe4+ 0-1

[Event "Live Chess"]
[Site "Chess.com"]
[Date "2024.06.02"]
[Round "-"]
[White "matt1979"]
[Black "dereklimmo"]
[Result "0-1"]
[WhiteElo "1409"]
[BlackElo "2264"]
[TimeControl "300"]
[EndTime "3:44:38 PDT"]
[Termination "dereklimmo won by resignation"]

1. f4 d5 2. e3 Nf6 3. Nf3 c5 4. Bb5+ Nc6 5. O-O Bf5 6. d3 e6 7. b3 Qb6 8. Bxc6+ bxc6 9. Ne5 Bd6 10. Bb2 O-O 11. h3 c4 12. Qe1 cxd3 13. cxd3 Bc5 14. d4 Bb4 15. Qh4 Ne4 16. Nd7 Qc7 17. Nxf8 Rxf8 18.
Rf3 f6 19. a3 Ba5 20. b4 Bb6 21. Nc3 e5 22. Nxe4 Bxe4 23. Rg3 Re8 24. Rf1 Bd3 25. Rf2 exd4 26. exd4 Bf5 27. Qxf6 Rf8 28. Qg5 Qf7 29. Re2 Bd8 30. Qh6 Bg6 31. Rxg6 hxg6 32. Re7 Bxe7 0-1

[Event "Live Chess"]
[Site "Chess.com"]
[Date "2024.06.02"]
[Round "-"]
[White "TC2304"]
[Black "Tatarinov_Maxim"]
[Result "0-1"]
[WhiteElo "2329"]
[BlackElo "2311"]
[TimeControl "300"]
[EndTime "3:44:42 PDT"]
[Termination "Tatarinov_Maxim won by resignation"]

1. d4 Nf6 2. Nf3 g6 3. h4 h5 4. Bg5 Bg7 5. c3 c5 6. Nbd2 cxd4 7. cxd4 Qa5 8. e3 Nc6 9. Bd3 d6 10. O-O Bg4 11. Qb3 Qb4 12. Rfc1 Qxb3 13. Nxb3 O-O 14. a4 Rfc8 15. a5 Nb4 16. Bb5 Rxc1+ 17. Rxc1 Rc8 18.
Rxc8+ Bxc8 19. Kf1 Kf8 20. Ke2 Ne4 21. Bf4 Be6 22. Nfd2 Nxd2 23. Nxd2 Nd5 24. Bg3 Nc7 25. Bd3 Bd7 26. f3 Bb5 27. Bxb5 Nxb5 28. Kd3 d5 29. Nb3 b6 30. a6 e6 31. Nd2 Ke7 32. Nb1 Kd7 33. Nc3 Kc6 34. Bb8 Nxc3 35. bxc3 Kb5 36. Bxa7 Kxa6 37. Bb8 Bf6 38. Bg3 Kb5 39. Be1 Ka4 40. g4 Kb3 41. g5 Be7 42. Bd2 Bd6 43. f4 b5 44. Bc1 Be7 45. Bd2 Kb2 46. Ke2 Kc2 47. Be1 Ba3 48. Bd2 Bb2 49. e4 Bxc3 0-1

[Event "Live Chess"]
[Site "Chess.com"]
[Date "2024.06.02"]
[Round "-"]
[White "RockTroll"]
[Black "AlexanderMatlak"]
[Result "0-1"]
[WhiteElo "2168"]
[BlackElo "2396"]
[TimeControl "300"]
[EndTime "3:44:50 PDT"]
[Termination "AlexanderMatlak won by resignation"]

1. e4 c5 2. c3 Nf6 3. e5 Nd5 4. Nf3 Nc6 5. Bc4 Nb6 6. Bb3 c4 7. Bc2 Qc7 8. O-O Nxe5 9. Nxe5 Qxe5 10. Re1 Qc7 11. a4 e6 12. d3 Be7 13. a5 cxd3 14. axb6 dxc2 15. bxc7 cxd1=Q 16. Rxd1 d5 17. Be3 Kd7 18. Bxa7 Bc5 0-1

[Event "Live Chess"]
[Site "Chess.com"]
[Date "2024.06.02"]
[Round "-"]
[White "ameetghasi100"]
[Black "juniortay"]
[Result "1-0"]
[WhiteElo "2778"]
[BlackElo "2375"]
[TimeControl "300"]
[EndTime "3:45:00 PDT"]
[Termination "ameetghasi100 won by checkmate"]

1. d4 d5 2. c3 c5 3. Nf3 e6 4. e3 Nc6 5. Bd3 f5 6. h3 Nf6 7. g4 Ne4 8. gxf5 exf5 9. c4 cxd4 10. cxd5 Qxd5 11. exd4 Bb4+ 12. Kf1 O-O 13. a3 Ba5 14. b4 Bb6 15. b5 Na5 16. Bb2 Bd7 17. a4 Rac8 18.
Rg1 Nc4 19. Bc1 f4 20. Rg4 Bxg4 21. hxg4 Ne3+ 22. fxe3 fxe3 23. Bxe3 Rxf3+ 24. Qxf3 Rf8 25.
Bf4 Nd2+ 26. Nxd2 Qxd4 27. Bc4+ Kh8 28. Re1 Qg1+ 29. Ke2 Re8+ 30. Ne4 Qd4 31. Bd3 Rf8 32. Rd1 Bc7 33. Bxc7 Rxf3 34. Kxf3 Qxa4 35. Rd2 Kg8 36. Bg3 Kf7 37. g5 Qb4 38. Re2 Qd4 39. Nd6+ Kf8 40.
Re8# 1-0

[Event "Live Chess"]
[Site "Chess.com"]
[Date "2024.06.02"]
[Round "-"]
[White "MagnersCarlsberg2870"]
[Black "wadsy27"]
[Result "0-1"]
[WhiteElo "1795"]
[BlackElo "2581"]
[TimeControl "300"]
[EndTime "3:45:04 PDT"]
[Termination "wadsy27 won by resignation"]

1. e4 c5 2. d3 Nc6 3. Nf3 e6 4. g3 Nf6 5. Bg2 d5 6. Nbd2 Be7 7. O-O b5 8. e5 Nd7 9. Re1 a5 10. Nf1 O-O 11. Bf4 Bb7 12. h4 Qb6 13. Ne3 Rfc8 14. Ng5 h6 15. Nxe6 fxe6 16. Bxh6 Ncxe5 17. Bxg7 Kxg7 18. Ng4 Bf6 19. Nxe5 Nxe5 20. f4 c4+ 21. Kh1 Ng6 22. Qg4 Kf7 23. h5 Ne7 24. Bh3 d4+ 25. Kh2 Bd5 26. h6 Rh8 27. Qh5+ Kf8 28. f5 e5 29. g4 Bf7 0-1